 Dungeon Crawl Stone Soup version 0.23-a0-171-g5ae17c6 (webtiles) character file.

112 yoda5477 the Sneak (level 4, -5/21 HPs)
             Began as a Spriggan Enchanter on Sept 15, 2018.
             Killed from afar by Natasha (8 damage)
             ... with a magic dart
             ... on level 2 of the Dungeon.
             The game lasted 00:16:07 (4178 turns).

yoda5477 the Sneak (Spriggan Enchanter)             Turns: 4178, Time: 00:16:08

Health: -5/21      AC:  2    Str:  4    XL:     4   Next: 64%
Magic:  9/9        EV: 19    Int: 16    God:
Gold:   74         SH:  0    Dex: 17    Spells: 6/9 levels left

rFire    . . .     SeeInvis +   a - +1 dagger
rCold    . . .     Gourm    .   (shield restricted)
rNeg     . . .     Faith    .   b - +0 robe
rPois    .         Spirit   .   (helmet restricted)
rElec    .         Reflect  .   (no cloak)
rCorr    .         Harm     .   (gloves unavailable)
MR       .....                  (boots unavailable)
Stlth    +++.......             (no amulet)
HPRegen  0.07/turn              (no ring)
MPRegen  0.11/turn              (no ring)

@: very quick
A: very small, unfitting armour, see invisible, herbivore, speed 3, slow
metabolism 2
a: no special abilities


You were on level 2 of the Dungeon.
You were hungry.

You visited 1 branch of the dungeon, and saw 3 of its levels.

You collected 74 gold pieces.

Inventory:

Hand Weapons
 a - a +1 dagger (weapon)
 k - a +0 hand crossbow
Armour
 b - a +0 robe (worn)
Jewellery
 e - a +4 amulet of reflection {unknown}
 f - an uncursed amulet of the gourmand {unknown}
 g - a +3 ring of intelligence {unknown}
Scrolls
 c - 3 scrolls of identify {unknown}
 h - a scroll of random uselessness {unknown}
 n - 3 scrolls of enchant weapon {unknown}
Potions
 i - a potion of lignification {unknown}
 j - 3 potions of heal wounds {unknown}
 l - 2 potions of haste {unknown}
 m - 2 potions of curing {unknown}
 o - a potion of invisibility {unknown}
Comestibles
 d - a ration


   Skills:
 + Level 2.1 Short Blades
 * Level 4.3 Dodging
 * Level 6.0 Stealth
 - Level 3.0 Spellcasting
 + Level 4.1 Hexes
 + Level 0.7 Ice Magic


You had 6 spell levels left.
You knew the following spells:

 Your Spells              Type           Power        Failure   Level  Hunger
a - Corona                Hex            ###....      3%          1    #......
b - Ensorcelled Hibernat  Hex/Ice        ##....       11%         2    ##.....

Your spell library contained the following spells:

 Spells                   Type           Power        Failure   Level  Hunger
 Confuse                  Hex            ###.....     11%         3    ###....
 Tukima's Dance           Hex            ###.....     11%         3    ###....
 Dazzling Spray           Conj/Hex       #.....       24%         3    ###....


Dungeon Overview and Level Annotations

Branches:
Dungeon (3/15)

Altars:

Annotations:
D:2 1 runed door, exclusion: door, Natasha, Terence
D:3 Purgy


Innate Abilities, Weirdness & Mutations

You are very small and have problems with some larger weapons.
You are too small for most types of armour.
You have supernaturally acute eyesight. (SInv)
You are a herbivore.
You cover ground extremely quickly.
You need to consume almost no food.


Message History

There is a stone staircase leading down here.
Natasha casts a spell.
The goblin barely misses you.
Natasha mewls in sadness.
You are feeling hungry.
Natasha zaps a wand.
Some rock shatters into small pieces.
It is a wand of digging (8).
You hear a zap.
You hear a grinding noise.
The white imp gestures at you. The puff of frost hits you!
Ouch! That really hurt!
* * * LOW HITPOINT WARNING * * *
You hear a zap.
You hear a grinding noise.
You hear a zap.
You hear a grinding noise.
You start resting.
You hear a zap.
You hear a grinding noise.
The goblin is too close now for your liking.
Natasha stares at you and mumbles some strange words.
The magic dart hits you!
You die...

#######.......#....###
####............
####......... ####
#.......#. #..#
#.......## #..#
##.....###
#..######.......#
##..#............#
##.@...####.......#
##.)#..## ##......##
###..##..# ##...#...
#...###.## ########
##.###...#
####.g###.#.# ###
#.......g.#h# #..
#.....#####.# #.#
#...####....#
#######.#


You could see Natasha.

Vanquished Creatures
  Natasha (D:3)
  5 adders
  A worm (D:2)
  A dart slug (D:1)
  A leopard gecko (D:1)
  A ball python (D:1)
  2 giant cockroaches (D:2)
  6 goblins
  2 hobgoblins (D:1)
  4 bats
  6 frilled lizards
  4 kobolds
  9 rats
43 creatures vanquished.

Notes
Turn   | Place    | Note
-------+----------+-------------------------------------------
     0 | D:1      | yoda5477 the Spriggan Enchanter began the quest for the
                  | Orb.
     0 | D:1      | Reached XP level 1. HP: 9/9 MP: 5/5
   320 | D:1      | Reached XP level 2. HP: 11/13 MP: 3/6
   770 | D:1      | Reached skill level 5 in Stealth
  1205 | D:1      | Learned a level 2 spell: Ensorcelled Hibernation
  1598 | D:2      | Noticed Terence
  2479 | D:1      | Reached XP level 3. HP: 15/16 MP: 8/8
  3136 | D:2      | Reached XP level 4. HP: 21/21 MP: 9/9
  3144 | D:2      | Found a runed door.
  3628 | D:3      | Noticed Natasha
  3635 | D:3      | Killed Natasha
  3635 | D:3      | Reached skill level 6 in Stealth
  3692 | D:3      | Noticed Purgy
  3967 | D:3      | Noticed Natasha
  4153 | D:2      | HP: 1/21 [white imp/puff of frost[Natasha] (13)]
  4178 | D:2      | Killed from afar by Natasha

Vault maps used:
D:1:      tarquinn_simple_flora_water_a
D:2:      uniq_crazy_yiuf_cottage, uniq_terence
D:3:      grunt_temple_overflow_open, first_ration, uniq_natasha, uniq_purgy

Skill      XL: |  1  2  3  4 |
---------------+-------------+-----
Stealth        | 5 6 |  6.0
Spellcasting   | 3 |  3.0
Dodging        | 4 |  4.3
Hexes          | 4 |  4.1
Short Blades   | 2 |  2.1
Ice Magic      | |  0.7

Action                   |  1- 3 |  4- 6 || total
-------------------------+-------+-------++-------
Melee: Dagger            |    99 |    11 ||   110
 Cast: Corona            |    23 |     1 ||    24
       Ensorcelled Hiber |    15 |    11 ||    26
  Use: Scroll            |     3 |       ||     3
 Stab: Sleeping          |    13 |     9 ||    22
       Distracted        |     1 |       ||     1
  Eat: Ration            |     1 |       ||     1
Armor: Robe              |     5 |     3 ||     8
Dodge: Dodged            |    73 |    11 ||    84

Table legend:
 A = Non-vault XP
 B = Vault XP
 C = Vault XP percentage of total XP
 D = Non-vault monster count
 E = Vault monster count
 F = Vault count percentage of total count
                 A         B        C        D         E       F
            +---------+---------+-------+---------+---------+-------
      Total |     126 |      35 |  21.7 |      42 |       1 |   2.3
            +---------+---------+-------+---------+---------+-------
        D:1 |      44 |       0 |   0.0 |      21 |       0 |   0.0
        D:2 |      63 |       0 |   0.0 |      17 |       0 |   0.0
        D:3 |      19 |      35 |  64.8 |       4 |       1 |  20.0
            +---------+---------+-------+---------+---------+-------
